 Dungeon Crawl Stone Soup version 0.27.1-34-g3ba077fa99 (console) character file.

Game seed: 13859774840051852206

227732 Banquo the Eclecticist (level 20, -9/169 HPs)
             Began as a Djinni Chaos Knight on Jan 3, 2022.
             Was a High Priest of Ashenzari.
             Killed from afar by Ilsuiw (42 damage)
             ... with a shard of ice
             ... on level 2 of the Shoals on Jan 4, 2022.
             The game lasted 04:40:11 (50370 turns).

Banquo the Eclecticist (Djinni Chaos Knight)       Turns: 50370, Time: 04:40:11

Health: -9/169     AC: 17    Str: 13    XL:     20   Next: 17%
Gold:   3065       EV: 21    Int: 25    God:    Ashenzari [*****.] SH: 23 Dex: 18

rFire    + + .     SeeInvis +   b - staff of earth
rCold    . . .     Faith    .   i - +2 tower shield
rNeg     . . .     Spirit   .   d - +4 ring mail "Discomfort of Ashenzari" {rC+, Fort, Melee} (curse)
rPois    ∞         Reflect  .   h - +1 hat of the Enigmatic Ordeal {SInv, Cun, Fort} (curse)
rElec    .         Harm     .   e - scarf of Curses and Power {shadows, Evo, Self} (curse)
rCorr    .         Rampage  .   g - +0 pair of gloves of Ashenzari's Ordeal {Dex+3, Self, Melee} (curse)
Will     +++..     Clarity  +   (boots unavailable)
Stlth    ++........             N - amulet "Altruism of Ashenzari" {Regen+, Self, Fort} (curse)
HPRegen  1.38/turn              l - ring "Oscillating Fan" {Contam Will+ Str+2 Int+6 Stlth+, Melee, Self} (curse)
MPRegen  0.00/turn              n - ring "Pessimism of the Sphere" {EV+4, Self, Cun} (curse)

@: about to teleport, flying, studying Armour
A: sickness immunity, fire resistance 2, cold vulnerability 1, float, innate
caster, hp casting, extra vitality 1, iridescent scales 1, clarity, mutation
resistance 1, screaming 1, weak 1, noise suppression
}: 1/15 runes: serpentine
a: Renounce Religion, Curse Item, Shatter the Chains


You were on level 2 of the Shoals.
You worshipped Ashenzari.
Ashenzari was extremely pleased with you.
You visited 6 branches of the dungeon, and saw 30 of its levels.
You also visited: Ossuary and Ice Cave.

You collected 3515 gold pieces.
You spent 450 gold pieces at shops.

Inventory:

Hand Weapons
 a - a +1 spear of freezing
 c - a +2 war axe of venom
 o - a +2 vampiric war axe
 s - a +2 spear of flaming
 O - a +1 war axe of electrocution
 W - a +2 trident of holy wrath
Missiles
 j - 10 boomerangs
 r - 7 silver javelins
 u - 865 stones
 v - 5 javelins
 x - 3 boomerangs of dispersal
 F - 7 throwing nets
 S - 123 poisoned darts (quivered)
Armour
 d - the cursed +4 ring mail "Discomfort of Ashenzari" (worn) {rC+, Fort, Melee}
   (You took it off Terence on level 3 of the Dungeon)

   It has a curse which improves the following skills: Fortitude: Armour and
   Shields.
   Melee Combat: Short Blades, Long Blades, Axes, Maces & Flails, Polearms,
   Staves and Unarmed Combat.
 e - the cursed scarf of Curses and Power (worn) {shadows, Evo, Self}
   (You found it on level 1 of the Lair of Beasts)

   It has a curse which improves the following skills: Evocations: Evocations.
   Introspection: Fighting and Spellcasting.
 g - the cursed +0 pair of gloves of Ashenzari's Ordeal (worn) {Dex+3, Self, Melee}
   (You found it in an ice cave)

   It has a curse which improves the following skills: Introspection: Fighting
   and Spellcasting.
   Melee Combat: Short Blades, Long Blades, Axes, Maces & Flails, Polearms,
   Staves and Unarmed Combat.
 h - the cursed +1 hat of the Enigmatic Ordeal (worn) {SInv, Cun, Fort}
   (You took it off Gastronok on level 2 of the Lair of Beasts)

   It has a curse which improves the following skills: Cunning: Dodging and
   Stealth.
   Fortitude: Armour and Shields.
 i - a +2 tower shield (worn)
 z - a +2 helmet
Magical Staves
 b - a staff of earth (weapon)
Jewellery
 l - the cursed ring "Oscillating Fan" (left hand) {Contam Will+ Str+2 Int+6 Stlth+, Melee, Self}
   (You acquired it on level 4 of the Dungeon)

   [ring of willpower]

   Str:       It affects your strength (+2).
   Int:       It affects your intelligence (+6).
   Contam:    It causes magical contamination when unequipped.
   Will:      It increases your willpower.
   Stlth:     It makes you more stealthy.
   It has a curse which improves the following skills: Melee Combat: Short
   Blades, Long Blades, Axes, Maces & Flails, Polearms, Staves and Unarmed
   Combat.
   Introspection: Fighting and Spellcasting.
 n - the cursed ring "Pessimism of the Sphere" (right hand) {EV+4, Self, Cun}
   (You found it on level 2 of the Dungeon)

   [ring of evasion]

   EV:        It affects your evasion (+4).
   It has a curse which improves the following skills: Introspection: Fighting
   and Spellcasting.
   Cunning:   Dodging and Stealth.
 N - the cursed amulet "Altruism of Ashenzari" (around neck) {Regen+, Self, Fort}
   (You found it on level 6 of the Dungeon)

   [amulet of regeneration]

   Regen:     It increases your rate of health regeneration.
   It has a curse which improves the following skills: Introspection: Fighting
   and Spellcasting.
   Fortitude: Armour and Shields.
 T - a ring of resist corrosion
Wands
 w - a wand of mindburst (8)
 A - a wand of acid (16)
 D - a wand of digging (5)
 P - a wand of iceblast (38)
Scrolls
 k - 10 scrolls of teleportation
 m - 8 scrolls of magic mapping
 C - 3 scrolls of blinking
 E - 4 scrolls of fog
 G - 2 scrolls of holy word
 H - 5 scrolls of summoning
 M - 4 scrolls of fear
 X - a scroll of acquirement
Potions
 f - 6 potions of haste
 p - 4 potions of might
 q - 7 potions of brilliance
 t - 10 potions of heal wounds
 B - 4 potions of berserk rage
 I - 9 potions of curing
 K - 4 potions of cancellation
 Q - 3 potions of resistance
 U - a potion of invisibility


   Skills:
 * Level 16.1(22.6) Fighting
 - Level 6.4(11.5) Axes
 + Level 10.5(15.4) Armour
 - Level 8.5(12.4) Dodging
 + Level 15.8(20.3) Shields
 + Level 16.6(23.0) Spellcasting


You had 27 spell levels left.
You knew the following spells:

 Your Spells              Type           Power      Damage    Failure   Level
a - Sandblast             Erth           100%       2d20      0%          1
b - Iskenderun's Battles  Conj           97%        2d14      0%          5
e - Eringya's Noxious Bo  Tmut/Pois      48%        N/A       1%          6
h - Haunt                 Necr/Summ      48%        N/A       1%          7
i - Iron Shot             Conj/Erth      60%        9d11      1%          6
o - Ozocubu's Armour      Ice            97%        N/A       0%          3
r - Searing Ray           Conj           100%       3d7       0%          2
v - Borgnjor's Vile Clut  Necr/Erth      60%        N/A       0%          5
z - Stone Arrow           Conj/Erth      100%       3d13      0%          3
Your spell library was empty.

Dungeon Overview and Level Annotations

Branches:
Dungeon (15/15)            Temple (1/1) D:6            Lair (6/6) D:9
 Shoals (2/4) Lair:3        Snake (4/4) Lair:4        Slime (0/5) Lair:6
    Orc (2/2) D:9             Elf (0/3) Orc:2        Vaults (0/5) D:13
 Depths (0/5) D:15        Ossuary (visited)           IceCv (visited)

Altars:
Ashenzari
Cheibriados
Dithmenos
Elyvilon
Fedhas
Gozag
Hepliaklqana
Kikubaaqudgha
Makhleb
Nemelex Xobeh
Okawaru
Qazlal
Ru
Sif Muna
Trog
Uskayaw
Vehumet
Wu Jian
Xom
Yredelemnul
Zin
The Shining One
Beogh

Shops:
Orc:1 ?   Orc:2 ((([   Snake:4 !!

Annotations:
D:7 rock vault
D:9 2 runed translucent doors
Lair:5 3 runed translucent doors, Bolunijamo's ghost, journeyman GnFi; Cegiotem's ghost, journeyman GrFi; Zimaveycw's ghost, journeyman OpFi
Shoals:2 Ilsuiw
Snake:3 2 transporters, Nys Cevy's ghost, adept TrFi
Orc:1 1 transporter


Innate Abilities, Weirdness & Mutations

You are immune to sickness and miasma.
You are immune to poison.
Your flesh is very heat resistant. (rF++)
You are vulnerable to cold. (rC-)
You float through the air rather than walking.
You learn spells naturally, not from books.
Your magical power is your life essence.
You have superior vitality. (+4 HP)
You are partially covered in iridescent scales. (AC +2)
You possess an exceptional clarity of mind.
You are somewhat resistant to further mutation.
You occasionally shout uncontrollably at your foes.
You are weak. (Str -2)
You passively dampen the noise of your surroundings.


Message History

The merfolk javelineer throws a silver javelin.
The silver javelin pierces through you! The silver sears you!
The merfolk javelineer throws a javelin.
The javelin pierces through you!!
Your phantasmal warrior hits the merfolk javelineer!
The merfolk javelineer's willpower is stripped away!
Your phantasmal warrior completely misses the merfolk javelineer.
Unknown command.
As you read the scroll of teleportation, it crumbles to dust.
You feel strangely unstable.
Ilsuiw hits your phantasmal warrior with a +2 trident of freezing.
Ilsuiw freezes your phantasmal warrior.
The merfolk javelineer throws a javelin.
The javelin pierces through you!!
* * * LOW HITPOINT WARNING * * *
Your phantasmal warrior barely misses the merfolk javelineer.
The merfolk javelineer throws a silver javelin.
The silver javelin pierces through you!
* * * LOW HITPOINT WARNING * * *
The silver sears you!
* * * LOW HITPOINT WARNING * * *
Your phantasmal warrior hits the merfolk javelineer!!
Ilsuiw mumbles some strange words.
Ilsuiw sings a water chant to call the tide!
The merfolk javelineer throws a javelin.
The javelin pierces through your phantasmal warrior!!
The javelin barely misses you.
Your phantasmal warrior hits the merfolk javelineer!
The merfolk javelineer's willpower is stripped away!
Your phantasmal warrior hits the merfolk javelineer!!
Your phantasmal warrior misses the merfolk javelineer.
Ilsuiw mumbles some strange words.
Ilsuiw blinks!
The merfolk impaler hits your phantasmal warrior with a +2 trident of pain!!
Your phantasmal warrior is destroyed!
Your phantasmal warrior disappears in a puff of smoke!
The merfolk javelineer throws a javelin.
Ilsuiw points at you and mumbles some strange words.
The shard of ice hits you!!!
You die...

...≈≈≈≈≈≈≈≈≈≈≈≈≈≈≈≈≈≈
≈≈≈≈≈ ≈
...≈≈≈≈≈≈≈≈.≈≈≈≈≈≈≈≈≈≈ ≈
.......≈≈≈≈≈≈≈≈≈≈≈≈≈≈≈≈ ≈
≈≈≈
..≈...)≈≈≈≈≈≈≈≈≈≈≈≈≈≈≈≈≈≈
≈≈ ≈ ≈
..≈≈..≈≈≈≈≈≈≈≈≈≈≈≈≈≈≈≈≈ ≈
≈ ≈
.P....≈≈≈≈≈≈≈≈≈..≈≈≈≈≈≈≈
≈≈
PPP)...≈≈≈≈≈≈≈≈...≈≈≈≈≈
≈≈ ≈
...###..≈≈≈≈≈≈≈≈≈≈≈≈≈≈≈≈
≈ ≈ ≈
#.####...≈≈≈≈≈≈≈@.≈≈≈≈≈≈
≈≈≈
..###...≈≈≈≈≈≈†≈...≈≈≈≈≈
≈≈
........≈≈≈≈≈≈≈≈.#..≈≈≈≈
≈
...##..≈≈≈≈..≈≈.##..≈≈≈≈
≈ ≈
..##.....≈≈≈.≈≈≈.##.≈≈≈≈≈
≈ ≈ ≈
###.......≈≈m≈≈≈≈≈≈≈..≈ ≈
≈≈≈
###<.≈≈≈.≈.≈≈mmmW......
≈≈≈≈ ≈
###...≈≈≈≈≈..≈≈m§.... ≈ ≈
≈ ...)≈≈≈.≈≈≈≈≈.W...... ≈
≈ ≈


You could see Ilsuiw (invisible), 2 merfolk impalers and a merfolk javelineer
(weak-willed).

Vanquished Creatures
  Jorgrun (D:12)
  Asterion (Snake:4)
  Rupert (Lair:5)
  Gastronok (Lair:2)
  A kraken (Shoals:1)
  Frances (D:13)
  Kirke (Lair:5)
  6 nagarajas
  A frost giant (IceCv)
  Louise (Snake:2)
  2 merfolk javelineers (Shoals:1)
  A merfolk impaler (Shoals:1)
  A fire dragon (Lair:6)
  2 vault guards (D:13)
  18 naga warriors
  Harold (Orc:1)
  6 boulder beetles
  10 hydras
  7 anacondas
  A salamander tyrant (Snake:3)
  A catoblepas (Shoals:2)
  2 centaur warriors
  A death knight (D:12)
  5 two-headed ogres
  12 death yaks
  2 tengu warriors
  Urug (Lair:3)
  Nergalle (Lair:2)
  6 shock serpents
  A titan zombie (D:15)
  8 naga sharpshooters
  8 orc high priests (Orc:2)
  Sonja (D:12)
  4 skeletal warriors
  8 sea snakes
  8 salamander mystics
  8 naga ritualists
  A wizard (D:13)
  A tengu zombie (D:15)
  22 harpies
  3 lindwurms (Lair:6)
  A necromancer (D:13)
  21 ugly things
  5 manticores
  A phantasmal warrior (D:12)
  2 orc sorcerers
  5 mana vipers
  2 oklob plants
  4 fauns (Shoals:1)
  A frost giant zombie (D:15)
  26 salamanders
  3 cyclopes
  41 black mambas
  An elephant (Lair:2)
  A water nymph (Shoals:2)
  5 merfolk sirens
  11 guardian serpents
  A guardian serpent (shapeshifter) (D:15)
  15 naga magi
  An ice statue (IceCv)
  11 cane toads
  A gargoyle (D:12)
  5 torpor snails (Lair:6)
  3 kobold demonologists (D:12)
  10 rime drakes
  2 unseen horrors (D:11)
  Psyche (D:12)
  Maggie (D:7)
  3 tengu conjurers
  A spriggan skeleton (D:15)
  A yaktaur (D:13)
  2 ice devils (D:13)
  9 komodo dragons
  5 trolls
  8 merfolk
  8 polar bears
  Prince Ribbit (Lair:3)
  A wind drake (Shoals:1)
  A hornet (shapeshifter) (D:5)
  3 tyrant leeches (Lair:6)
  34 blink frogs
  10 slime creatures
  5 snapping turtles
  A wolf spider simulacrum (D:14)
  9 hornets
  7 dream sheep
  2 shadows
  19 humans (D:13)
  30 yaks
  5 basilisks
  3 wyverns
  5 water elementals
  A wraith (D:11)
  A golden eye (shapeshifter) (D:15)
  7 hogs
  A steam dragon (D:8)
  11 vampire mosquitoes
  10 wargs
  42 nagas
  2 acid dragons
  Duvessa (D:7)
  13 water moccasins
  A hornet zombie (D:9)
  17 orc warriors
  An ice beast (D:6)
  5 ogres
  A black bear (Lair:2)
  9 centaurs
  58 wolves
  3 necrophages
  A phantom (D:5)
  2 kobold brigands
  17 bullfrogs
  4 scorpions
  Dowan (D:7)
  2 gnoll sergeants (D:9)
  A wyvern skeleton (D:6)
  2 howler monkeys (D:8)
  3 electric eels
  A bullfrog zombie (D:6)
  2 lava snakes (Snake:1)
  9 centaur zombies
  4 hounds
  2 jellies (Lair:6)
  38 orc priests
  2 centaur skeletons (D:9)
  6 hell rats (Lair:2)
  14 orc wizards
  2 killer bee zombies
  2 hound skeletons (D:4)
  A howler monkey zombie (D:7)
  3 mummies
  A howler monkey skeleton (D:4)
  8 gnolls (D:9)
  6 adders
  A shadow imp (D:5)
  A white imp (D:5)
  A howler monkey simulacrum (D:9)
  2 worms
  2 dart slugs
  96 orcs
  5 endoplasms
  2 giant cockroaches (D:4)
  2 gnoll zombies (Ossuary)
  4 goblins
  9 hobgoblins
  2 jackals (D:4)
  10 kobolds
  2 quokkas
  6 ball pythons
  A bat (D:3)
  A frilled lizard (D:1)
  2 goblin zombies
  A hobgoblin zombie (Ossuary)
  2 kobold zombies
  An orc zombie (Ossuary)
  5 rats
  5 tentacles (Shoals:1)
1003 creatures vanquished.

Vanquished Creatures (collateral kills)
  Vashnia (Snake:2)
  Agnes (D:15)
  Roxanne (D:15)
  Aizul (Snake:4)
  3 centaur warriors
  2 anacondas
  A vampire mage (D:15)
  2 naga sharpshooters (Snake:2)
  5 shock serpents
  A necromancer (D:15)
  3 deep elf pyromancers (D:15)
  5 salamanders
  A naga mage (Snake:4)
  A guardian serpent (Snake:4)
  A naga (Snake:1)
  A lava snake (Snake:1)
  Terence (D:3)
31 creatures vanquished.

Vanquished Creatures (others)
  A tengu (D:4)
  51 fungi
  94 plants
  10 tentacles (Shoals:1)
  11 withered plants
167 creatures vanquished.

Grand Total: 1201 creatures vanquished

Notes
Turn   | Place    | Note
-------+----------+-------------------------------------------
     0 | D:1      | Banquo the Djinni Chaos Knight began the quest for the Orb.
     0 | D:1      | Reached XP level 1. HP: 20/20 MP: 0/0
   150 | D:1      | Reached XP level 2. HP: 25/25 MP: 0/0
   259 | D:1      | XOM: silly message
   276 | D:1      | Found a faded altar of an unknown god.
  1023 | D:2      | XOM: 2-stop teleportation journey
  1045 | D:2      | XOM: enchant monster (good)
  1049 | D:2      | Reached XP level 3. HP: 28/30 MP: 0/0
  1049 | D:2      | Learned a level 1 spell: Sandblast
  1533 | D:2      | XOM is BORED!
  1672 | D:3      | Noticed a necrophage
  1676 | D:3      | Killed a necrophage
  1677 | D:3      | Reached XP level 4. HP: 35/35 MP: 0/0
  1677 | D:3      | Reached XP level 5. HP: 40/40 MP: 0/0
  1677 | D:3      | Learned a level 2 spell: Searing Ray
  1955 | D:3      | Noticed Terence
  2298 | D:3      | XOM: scenery: 2 doors open
  2534 | D:3      | Killed Terence
  2535 | D:3      | Reached skill level 5 in Axes
  2720 | D:4      | Noticed an ogre
  2742 | D:3      | Reached XP level 6. HP: 32/46 MP: 0/0
  2771 | D:4      | XOM: confuse monster(s)
  3066 | D:4      | XOM: enchant monster (good)
  3093 | D:4      | XOM: noise
  3095 | D:4      | Found a sand-covered staircase.
  3103 | D:4      | Noticed a black bear
  3113 | D:4      | Noticed a golden eye
  3113 | D:4      | a black bear changed into a golden eye
  3113 | D:4      | XOM: polymorph black bear -> golden eye
  3114 | Ossuary  | Entered an ossuary
  3357 | Ossuary  | Reached XP level 7. HP: 30/50 MP: 0/0
  3357 | Ossuary  | Learned a level 3 spell: Stone Arrow
  3794 | D:4      | XOM: swap monsters
  3797 | D:4      | XOM: enchant monster (bad)
  3804 | D:5      | Entered Level 5 of the Dungeon
  4064 | D:5      | XOM: confuse monster(s)
  4172 | D:6      | Reached skill level 5 in Spellcasting
  4172 | D:6      | Reached XP level 8. HP: 62/62 MP: 0/0
  4344 | D:4      | XOM: silly message
  4345 | D:4      | XOM: polymorph golden eye -> tengu
  4349 | D:4      | XOM: summons 5 friendly demons
  4451 | D:4      | Identified a scroll of acquirement
  4733 | D:3      | XOM: god gift: wand of acid (5)
  4791 | D:4      | Found a white marble altar of Elyvilon.
  4794 | D:4      | Found an opulent altar of Gozag.
  4888 | D:4      | XOM: 1-stop teleportation journey
  4940 | D:4      | XOM: 7-stop teleportation journey
  5237 | D:4      | XOM: cloud trail
  5282 | D:4      | Found an iron altar of Okawaru.
  5326 | D:4      | XOM: destruction
  5327 | D:4      | Reached XP level 9. HP: 67/67 MP: 0/0
  5327 | D:4      | Learned a level 3 spell: Ozocubu's Armour
  5387 | D:4      | Found a bloodstained altar of Trog.
  5415 | D:4      | Found a sacrificial altar of Ru.
  5924 | D:5      | XOM: polymorph ogre -> shapeshifter
  5924 | D:5      | Noticed a fire crab
  5924 | D:5      | a shapeshifter changed into a fire crab
  5929 | D:5      | Noticed a komodo dragon
  5929 | D:5      | a fire crab changed into a komodo dragon
  5931 | D:5      | XOM: noise
  5942 | D:5      | XOM: divination: detect creatures
  6294 | D:5      | Noticed a guardian serpent
  6327 | D:5      | XOM: noise
  6457 | D:5      | XOM: silly message
  6474 | D:5      | Noticed a hornet
  6474 | D:5      | XOM: swap monsters
  6515 | D:5      | Killed a hornet
  7074 | D:6      | XOM: give mutations
  7074 | D:6      | Gained mutation: You passively dampen the noise of your
                  | surroundings. [Xom's mischief]
  7074 | D:6      | Gained mutation: You are weak. (Str -2) [Xom's mischief]
  7077 | D:6      | XOM: 1-stop teleportation journey
  7363 | D:6      | Reached XP level 10. HP: 76/76 MP: 0/0
  7506 | D:6      | XOM: summons 4 hostile demons
  7610 | D:6      | XOM: scenery: summon butterflies
  7748 | D:6      | Found a staircase to the Ecumenical Temple.
  7748 | D:6      | XOM: fake destruction
  7755 | Temple   | Entered the Ecumenical Temple
  7867 | Temple   | XOM: scenery: 2 doors open, 1 doors close
  7907 | Temple   | XOM: 3-stop teleportation journey
  7974 | Temple   | Fell from the grace of Xom
  7974 | Temple   | Became a worshipper of Ashenzari the Shackled
  8521 | D:6      | Acquired the ring of the Philosopher {Contam Will+ Str+2
                  | Int+6 Stlth+}
  8726 | D:6      | Found a staircase to the Ecumenical Temple.
  9664 | D:7      | Reached XP level 11. HP: 78/82 MP: 0/0
  9664 | D:7      | Learned a level 5 spell: Iskenderun's Battlesphere
  9688 | D:7      | Found a shimmering altar of Xom.
  9787 | D:7      | Noticed Maggie
  9905 | D:7      | Noticed Duvessa
  9905 | D:7      | Noticed Dowan
  9915 | D:7      | Killed Duvessa
  9916 | D:7      | Killed Dowan
  9964 | D:7      | Killed Maggie
 10189 | D:7      | Found a shimmering altar of Xom.
 10474 | D:7      | XOM: give mutation
 10474 | D:7      | Gained mutation: You occasionally shout uncontrollably at
                  | your foes. [Xom's mischief]
 10780 | D:8      | Reached skill level 1 in Shields
 11216 | D:8      | Reached * piety under Ashenzari
 12206 | D:9      | Noticed a two-headed ogre
 12209 | D:9      | Killed a two-headed ogre
 12329 | D:9      | Found a hazy altar of Hepliaklqana.
 12519 | D:9      | Found a staircase to the Orcish Mines.
 12544 | D:9      | Reached ** piety under Ashenzari
 12576 | D:9      | Found a large runed translucent door.
 12579 | D:9      | Noticed a green ugly thing
 12580 | D:9      | Found a shimmering altar of Xom.
 12580 | D:9      | Found a large runed translucent door.
 12582 | D:9      | Noticed a two-headed ogre
 12625 | D:9      | Found a staircase to the Lair.
 12747 | D:9      | XOM: summons 12 hostile demons
 12919 | D:9      | Noticed a red ugly thing
 12919 | D:9      | Identified the +3 robe of the Crypt {Regen+ Int+4}
 13077 | D:9      | XOM: give mutations
 13077 | D:9      | Gained mutation: You are partially covered in iridescent
                  | scales. (AC +2) [Xom's grace]
 13077 | D:9      | Gained mutation: You are somewhat resistant to further
                  | mutation. [Xom's grace]
 13077 | D:9      | Gained mutation: You possess an exceptional clarity of
                  | mind. [Xom's grace]
 13132 | D:9      | Killed a two-headed ogre
 13571 | D:9      | XOM: stat loss: -2 Dex (12/14)
 13687 | D:9      | Found a staircase to the Lair.
 13770 | D:9      | Found a staircase to the Orcish Mines.
 13884 | D:9      | Found a hazy altar of Hepliaklqana.
 14100 | Lair:1   | Entered Level 1 of the Lair of Beasts
 14173 | Lair:1   | Reached XP level 12. HP: 88/92 MP: 0/0
 14584 | Lair:1   | Reached *** piety under Ashenzari
 15926 | Lair:2   | Noticed a five-headed hydra
 15927 | Lair:2   | XOM: noise
 16014 | Lair:2   | Noticed Nergalle
 16020 | Lair:2   | Noticed a five-headed hydra
 16054 | Lair:2   | Reached skill level 10 in Spellcasting
 16101 | Lair:1   | Killed a five-headed hydra
 16146 | Lair:2   | Killed a five-headed hydra
 16239 | Lair:2   | Noticed an eight-headed hydra
 16240 | Lair:2   | Noticed a boulder beetle
 16249 | Lair:2   | Killed an eight-headed hydra
 16265 | Lair:2   | Killed a boulder beetle
 16385 | Lair:2   | Killed Nergalle
 16413 | Lair:2   | XOM: 3-stop teleportation journey
 16647 | Lair:2   | Reached skill level 10 in Fighting
 16647 | Lair:2   | Reached XP level 13. HP: 99/102 MP: 0/0
 16647 | Lair:2   | Learned a level 5 spell: Borgnjor's Vile Clutch
 16677 | Lair:2   | Noticed a five-headed hydra
 16688 | Lair:2   | Killed a five-headed hydra
 17129 | Lair:2   | Noticed Gastronok
 17141 | Lair:2   | Killed Gastronok
 18403 | Lair:3   | XOM: noise
 18627 | Lair:3   | XOM: summons 2 hostile demons
 18718 | Lair:3   | Noticed Urug
 18724 | Lair:3   | Killed Urug
 18791 | Lair:3   | Found a staircase to the Shoals.
 18791 | Lair:3   | Noticed Prince Ribbit
 18825 | Lair:3   | Killed Prince Ribbit
 19021 | Lair:3   | Found a staircase to the Shoals.
 19622 | Lair:3   | XOM: god gift: 33 gold pieces
 19922 | Lair:4   | Found a staircase to the Snake Pit.
 20032 | Lair:4   | Noticed a four-headed hydra
 20039 | Lair:4   | Killed a four-headed hydra
 20086 | Lair:4   | Noticed a six-headed hydra
 20090 | Lair:4   | Killed a six-headed hydra
 20389 | Lair:4   | Noticed a six-headed hydra
 20394 | Lair:4   | Killed a six-headed hydra
 21056 | Lair:4   | Found a staircase to the Snake Pit.
 21593 | Lair:4   | Reached XP level 14. HP: 91/110 MP: 0/0
 21692 | Lair:5   | Identified the ring "Kyes" {Ice rN+ SInv}
 21838 | Lair:5   | Found a runed translucent gate.
 21838 | Lair:5   | Found a runed translucent gate.
 21838 | Lair:5   | Found a runed translucent gate.
 21838 | Lair:5   | Noticed Zimaveycw's ghost (journeyman OpFi)
 21838 | Lair:5   | Noticed Cegiotem's ghost (journeyman GrFi)
 21838 | Lair:5   | XOM: 2-stop teleportation journey
 21844 | Lair:5   | Reached **** piety under Ashenzari
 21886 | Lair:5   | Noticed Kirke
 22359 | Lair:5   | Noticed Rupert
 22585 | Lair:5   | Killed Rupert
 22774 | Lair:5   | Killed Kirke
 22950 | Lair:5   | Noticed Bolunijamo's ghost (journeyman GnFi)
 23122 | Lair:5   | Found a runed translucent gate.
 23265 | Lair:5   | Found a runed translucent gate.
 23266 | Lair:5   | Found a runed translucent gate.
 23433 | Lair:5   | XOM: noise
 23462 | Lair:5   | XOM: god gift: 29 gold pieces
 23605 | Lair:5   | XOM: divination: detect items
 23763 | Lair:3   | XOM: noise
 23828 | Lair:6   | Entered Level 6 of the Lair of Beasts
 23857 | Lair:5   | XOM: divination: magic mapping
 23932 | Lair:6   | Found a staircase to the Slime Pits.
 24141 | Lair:6   | Reached XP level 15. HP: 112/121 MP: 0/0
 24141 | Lair:6   | Learned a level 6 spell: Iron Shot
 24811 | Lair:6   | Found a runed translucent door.
 26229 | Lair:5   | XOM: noise
 26367 | D:10     | Entered Level 10 of the Dungeon
 26496 | D:10     | XOM: 3-stop teleportation journey
 26496 | D:10     | Was forgiven by Xom
 28231 | D:11     | Found a glowing golden altar of the Shining One.
 28945 | D:11     | Found a glowing golden altar of the Shining One.
 29273 | D:12     | Noticed Sonja
 29275 | D:12     | Killed Sonja
 29332 | D:12     | Reached skill level 15 in Spellcasting
 29618 | D:12     | Noticed Jorgrun
 29625 | D:12     | Killed Jorgrun
 29759 | D:12     | Reached ***** piety under Ashenzari
 29842 | D:12     | Reached XP level 16. HP: 122/132 MP: 0/0
 29932 | D:12     | Noticed Psyche
 29935 | D:12     | Killed Psyche
 30575 | Orc:1    | Entered Level 1 of the Orcish Mines
 30578 | Orc:1    | Noticed Harold
 30581 | Orc:1    | Killed Harold
 30892 | Orc:1    | Found Pealuwk's Magic Scroll Shop.
 31103 | Orc:1    | Identified the +4 plate armour of Beyond {*Corrode rElec
                  | Int+2}
 31127 | Orc:2    | Entered Level 2 of the Orcish Mines
 31251 | Orc:1    | Found a transporter.
 31561 | Orc:2    | Found a staircase to the Elven Halls.
 31629 | Orc:2    | Found Huxaeqoll's Armour Boutique.
 31814 | Orc:2    | Found Soabosh's Weapon Shoppe.
 31875 | Orc:2    | Reached skill level 5 in Shields
 32039 | Orc:2    | Found Vikhlysch's Weapon Boutique.
 32039 | Orc:2    | Found Icse's Weapon Shoppe.
 32337 | Orc:2    | Found Vikhlysch's Weapon Boutique.
 32378 | Orc:2    | Found Soabosh's Weapon Shoppe.
 32394 | Orc:2    | Found Huxaeqoll's Armour Boutique.
 32411 | Orc:2    | Found a staircase to the Elven Halls.
 32573 | Orc:2    | Found Icse's Weapon Shoppe.
 32803 | D:13     | Noticed Frances
 32808 | D:13     | Killed Frances
 32851 | D:13     | Found a frozen archway.
 32865 | IceCv    | Entered an ice cave
 33023 | IceCv    | Noticed a frost giant
 33032 | IceCv    | Killed a frost giant
 34015 | D:13     | Found a gate to the Vaults.
 34023 | D:13     | Reached XP level 17. HP: 117/145 MP: 0/0
 34023 | D:13     | Learned a level 7 spell: Haunt
 34373 | D:13     | Found a gate to the Vaults.
 34562 | D:14     | Acquired a manual of Armour
 34841 | D:14     | Found a stormy altar of Qazlal.
 35563 | D:14     | Found a stormy altar of Qazlal.
 36240 | D:15     | Entered Level 15 of the Dungeon
 36329 | D:15     | Identified Roxanne's Reference Book on Stones
 36329 | D:15     | Noticed Roxanne
 36597 | D:15     | Reached skill level 10 in Shields
 36873 | D:15     | Reached skill level 10 in Armour
 36930 | D:15     | Killed Roxanne
 36989 | D:15     | Found a staircase to the Depths.
 37002 | D:15     | Noticed Agnes
 37006 | D:15     | Killed Agnes
 37555 | D:15     | Found a staircase to the Depths.
 38007 | Snake:1  | Entered Level 1 of the Snake Pit
 38354 | Snake:1  | Reached skill level 15 in Fighting
 39171 | Snake:1  | Found the +14 obsidian axe {vorpal, Mesm Drain Fly SInv}
 41159 | Snake:2  | Noticed Vashnia
 41220 | Snake:2  | Reached XP level 18. HP: 134/157 MP: 0/0
 41801 | Snake:2  | Noticed Louise
 41811 | Snake:2  | Killed Louise
 42172 | Snake:2  | Killed Vashnia
 43559 | Snake:3  | Found a transporter.
 43704 | Snake:3  | Found a transporter.
 43714 | Snake:3  | Noticed Nys Cevy's ghost (adept TrFi)
 43714 | Snake:3  | Identified the +0 pair of gloves of Cheibriados's Anger
                  | {rElec}
 44786 | Snake:3  | Found a transporter.
 44956 | Snake:3  | Found a transporter.
 45536 | Snake:4  | Entered Level 4 of the Snake Pit
 46029 | Snake:4  | Noticed Aizul
 46040 | Snake:4  | Reached XP level 19. HP: 84/161 MP: 0/0
 46040 | Snake:4  | Learned a level 6 spell: Eringya's Noxious Bog
 46045 | Snake:4  | Killed Aizul
 46155 | Snake:4  | Found Cirell's Distillery.
 46155 | Snake:4  | Found Yplayl's Distillery.
 46256 | Snake:4  | Bought a potion of heal wounds for 50 gold pieces
 46256 | Snake:4  | Bought 2 potions of haste for 200 gold pieces
 46256 | Snake:4  | Bought a potion of haste for 100 gold pieces
 46256 | Snake:4  | Bought a potion of haste for 100 gold pieces
 46430 | Snake:4  | Found a stormy altar of Qazlal.
 46534 | Snake:4  | Reached skill level 15 in Shields
 46807 | Snake:4  | Noticed Asterion
 46816 | Snake:4  | Killed Asterion
 47125 | Snake:4  | Got a serpentine rune of Zot
 47597 | Snake:4  | Found Cirell's Distillery.
 47604 | Snake:4  | Found Yplayl's Distillery.
 47698 | Snake:4  | Found a stormy altar of Qazlal.
 48281 | Shoals:1 | Entered Level 1 of the Shoals
 48847 | Shoals:1 | Found a broken altar of Ashenzari.
 48884 | Shoals:1 | Found a glowing golden altar of the Shining One.
 49705 | Shoals:1 | Found a broken altar of Ashenzari.
 49739 | Shoals:1 | Found a glowing golden altar of the Shining One.
 50096 | Shoals:2 | Reached XP level 20. HP: 155/169 MP: 0/0
 50362 | Shoals:2 | Noticed Ilsuiw
 50370 | Shoals:2 | Killed from afar by Ilsuiw

Illustrated notes

Levels and vault maps discovered:
D:1:      elethiomel_arrival_infinity_welcomes_careful_drivers,
          layout_loops_ring, serial_glass, glass_columns_a, glass_columns_b,
          feat_on_display, item_on_display_a,
          hellmonk_ecumenical_altar_leap_of_faith
D:2:      layout_basic, corexii_corridor_pit, minmay_tetromino_o4
D:3:      layout_rooms, grunt_decor_arrowhead, chequers_serial_rivers_room_b,
          chequers_jeans, uniq_terence
D:4:      layout_cave_pools, gammafunk_temple_overflow_claw,
          mainiacjoe_overflow_two_lobes, mainiacjoe_overflow_catwalk_spiral,
          nicolae_ossuary_entry_giza, serial_forest, infiniplex_forest_lined_3,
          infiniplex_forest_straight_2, infiniplex_forest_straight_3,
          infiniplex_forest_lined_room_3, infiniplex_forest_clump_small,
          infiniplex_forest_clump_medium, minmay_fractal_squares_5
D:5:      layout_basic
D:6:      layout_basic, minmay_temple_entry_proselytizer
D:7:      layout_layer_cave, mainiacjoe_overflow_brackets, due_unseen_surprise,
          uniq_maggie, uniq_duvessa
D:8:      layout_cave_pods, serial_park, serial_park_tiny_pond,
          serial_park_paths [serial_park_minivault_5x5_3], serial_park_gazebo
          [serial_park_minivault_5x5_2], kennysheep_generic_room_10
D:9:      due_chaos_kobolds, layout_loops_ring,
          worldfamousw_hep_ancestral_shrine, grunt_lair_entry_orc_guard_hut,
          hangedman_weighted_door
D:10:     layout_loops_corners
D:11:     layout_basic, tso_metal_star
D:12:     layout_cave_pools, uniq_jorgrun, uniq_sonja, uniq_psyche
D:13:     layout_cave_pools, grunt_vaults_entry_tiered,
          portal_ice_cave_demonic_guard, uniq_frances
D:14:     layout_basic, special_room [special_room_orc], serial_park_tiny_1,
          grunt_qazlal_sundering
D:15:     gammafunk_depths_entry_grave, layout_long_grid,
          corexii_hall_statues_s, uniq_roxanne, uniq_agnes
Temple:   nicolae_temple_figure_eight
Lair:1:   layout_hall_layers
Lair:2:   layout_misc_corridors, hangedman_lair_generics_rect,
          infiniplex_staircase_pool_2, serial_bayou_shore_a, uniq_gastronok,
          uniq_nergalle
Lair:3:   layout_cave_pods, minmay_shoals_entry_hut, uniq_urug,
          uniq_prince_ribbit2
Lair:4:   layout_long_grid, guppyfry_snake_entry_garden,
          minmay_lair_oklob_bushes, infiniplex_staircase_pool
Lair:5:   layout_regular_city, gammafunk_ghost_cemetery,
          grunt_forest_large_clearings, grunt_megastairs_1, uniq_rupert,
          uniq_kirke
Lair:6:   wormcave, layout_small_grid, nicolae_slime_entry_slimehenge
Shoals:1: layout_shoals, nicolae_shoals_cliffside_cave, hangedman_feature_mirror
Shoals:2: layout_shoals, uniq_ilsuiw, uniq_polyphemus
Snake:1:  layout_layer_cave, nicolae_snake_salamander_zone
Snake:2:  layout_concentric_octagons, grunt_megastairs_5, uniq_louise,
          uniq_vashnia
Snake:3:  layout_chambers, gammafunk_ghost_berserking_beasts,
          nicolae_snake_shapes, grunt_megastairs_3
Snake:4:  johnstein_snake_rune_scales, layout_cave_town, basic_altar,
          minmay_shoptagon, uniq_aizul, uniq_asterion
Orc:1:    emtedronai_trogs_sanctum, layout_diamond_mine, serial_shops, shop,
          nicolae_orc_damp_corner, minmay_orc_temple_b, uniq_harold
Orc:2:    st_orc_town, layout_diamond_mine

Skill      XL: |  1  2  3  4  5  6  7  8  9 10 11 12 13 14 15 16 17 18 19 |
---------------+----------------------------------------------------------+-----
Axes           | 3 4 5 6 |  6.4
Armour         | 6 8 9 10 | 10.5
Dodging        | 6 7 8 |  8.5
Fighting       | 6 8 9 10 11 12 14 15 16 | 16.1
Spellcasting   | 5 8 9 11 12 14 15 16 | 16.6
Shields        | 2 3 8 10 13 15 | 15.8

Action                   |  1- 3 |  4- 6 |  7- 9 | 10-12 | 13-15 | 16-18 | 19-21 || total
-------------------------+-------+-------+-------+-------+-------+-------+-------++-------
Melee: Hand axe          |    81 |    72 |   130 |       |       |       |       ||   283
       Spear             |       |    79 |    16 |     9 |     4 |       |       ||   108
       Staff             |       |       |       |       |       |     4 |       ||     4
Throw: Stone             |       |       |     1 |       |       |       |       ||     1
       Dart              |       |       |       |       |       |     1 |       ||     1
 Cast: Searing Ray       |       |       |    27 |     5 |     1 |     4 |       ||    37
       Stone Arrow       |       |       |    26 |   202 |   289 |    82 |     1 ||   600
       Sandblast         |       |       |     3 |     3 |       |     1 |     4 ||    11
       Ozocubu's Armour  |       |       |     1 |     1 |     1 |     3 |       ||     6
       Iskenderun's Batt |       |       |       |    74 |   136 |   162 |    44 ||   416
       Borgnjor's Vile C |       |       |       |       |    84 |   305 |    54 ||   443
       Iron Shot         |       |       |       |       |    56 |   184 |   131 ||   371
       Haunt             |       |       |       |       |       |    53 |    16 ||    69
Invok: Curse Item        |       |       |       |     4 |     3 |     3 |       ||    10
       Shatter the Chain |       |       |       |       |       |     3 |       ||     3
Evoke: Wand              |       |       |     1 |       |       |       |       ||     1
  Use: Potion            |       |     1 |     3 |       |       |       |       ||     4
       Scroll            |       |       |    11 |     1 |       |     1 |     1 ||    14
 Stab: Confused          |       |     1 |     3 |       |       |       |       ||     4
       Sleeping          |       |       |       |     1 |       |       |       ||     1
Armor: Leather armour    |    35 |    13 |       |       |       |       |       ||    48
       Ring mail         |       |    52 |    69 |    52 |    32 |    23 |    14 ||   242
Dodge: Dodged            |    50 |   120 |   207 |    92 |    88 |    64 |    44 ||   665
Block: Buckler           |       |       |       |    21 |    24 |    26 |       ||    71
       Tower shield      |       |       |       |       |       |    55 |    83 ||   138
